[Event "42nd Olympiad Baku 2016 Women"]
[Site "Baku"]
[Date "2016.09.05"]
[Round "4.22"]
[White "Olde, Margareth"]
[Black "Nouman, Amna"]
[Result "0-1"]
[ECO "A37"]
[WhiteElo "2003"]
[BlackElo "1983"]
[Annotator ""]
[PlyCount "134"]
[EventDate "2016.??.??"]
[EventCountry "AZE"]
[SourceTitle "playchess.com"]
[Source "ChessBase"]
[WhiteTeam "Estonia"]
[BlackTeam "United Arab Emirates"]
[WhiteTeamCountry "EST"]
[BlackTeamCountry "UAE"]
[TimeControl "40/5400+30:1800+30"]

1. c4 {(00:00)} c5 {(00:00)} 2. Nc3 {(00:00)} Nc6 {
(00:01)} 3. g3 {(00:00)} g6 {(00:05)} 4. Bg2 {(00:
00)} Bg7 {(00:06)} 5. Nf3 {(00:00)} d6 {(00:34)} 6. O-O {
(00:13)} e5 {(00:15)} 7. d3 {(00:18)} Nge7 {(00:18]
} 8. Rb1 {(00:37)} O-O {(01:28)} 9. a3 {(00:23)} a5 10.
Bd2 {(00:09)} Be6 {(05:48)} 11. Ng5 Bg4 {(00:43)} 12. h3 {
(06:49)} Bc8 {(00:04)} 13. Nb5 {(08:13)} f5 {(11:
40)} 14. Nf3 {(04:51)} h6 {(08:31)} 15. Ne1 {(03:34)} Be6
{(05:37)} 16. Nc2 {(12:56)} b6 {(12:57)} 17. b4 {(
04:24)} axb4 {(05:18)} 18. axb4 {(00:08)} g5 {(12:59)} 19.
bxc5 {(05:52)} bxc5 {(01:02)} 20. Ne3 {(03:15)} Rb8 {
(15:50)} 21. Nd5 {(05:01)} Bf7 {(03:53)} 22. Nxe7+ {
(06:39)} Nxe7 {(00:19)} 23. Qa4 {(03:16)} d5 {(01:
42)} 24. Be3 {(04:40)} d4 {(08:11)} 25. Bd2 {(00:05)} Be8
{(00:55)} 26. Ba5 {(06:16)} Qd7 {(01:31)} 27. Qa3 {
(01:12)} Bh5 {(00:21)} 28. Rb2 {(06:21)} Rfc8 {(00:
43)} 29. Ra1 {(03:01)} Bg6 {(01:13)} 30. Be1 {(02:45)} e4
{(00:30)} 31. Qb3 {(04:27)} Nc6 {(00:44)} 32. Qc2 {
(01:22)} Qe7 {(01:26)} 33. Rba2 {(01:02)} Kh7 {(00:
34)} 34. Na7 {(02:24)} Nxa7 {(00:19)} 35. Rxa7 {(00:02)}
Rb7 {(00:16)} 36. Rxb7 {(00:44)} Qxb7 {(00:02)} 37. Rb1 {
(00:23)} Qe7 {(00:08)} 38. Ba5 {(01:11)} Re8 {(01:
50)} 39. Bb6 {(02:06)} Bf8 {(00:43)} 40. Kh2 {(00:00)} Qe5
{(00:00)} 41. Ra1 {(08:25)} Bd6 {(03:53)} 42. Qd2 {
(13:05)} e3 {(06:05)} 43. Qe1 {(00:06)} f4 {(02:26]
} 44. f3 {(01:02)} fxg3+ {(02:41)} 45. Kg1 {(00:08)} Bf5 {
(00:25)} 46. Qf1 {(01:55)} Rf8 {(03:04)} 47. Ra5 {(
03:25)} Rb8 {(05:57)} 48. Rb5 {(00:49)} Bd7 {(03:04)} 49.
Rb1 {(00:06)} Rf8 {(00:43)} 50. Ra1 {(00:44)} Kh8 {
(01:13)} 51. Ra7 {(01:17)} Be6 {(02:25)} 52. Qa1 {(
01:09)} Bxh3 {(02:38)} 53. Bxh3 {(04:22)} g2 {(00:21)} 54.
Bxg2 {(00:27)} Qh2+ {(00:09)} 55. Kf1 {(00:01)} Qh4 {
(01:41)} 56. Qe1 {(02:54)} Bg3 {(00:28)} 57. Qa1 {(
01:29)} Bb8 {(00:20)} 58. Kg1 {(01:13)} Qf2+ {(00:30)} 59.
Kh1 {(00:08)} Qh4+ {(00:15)} 60. Kg1 {(00:02)} Bh2+ {
(00:32)} 61. Kh1 {(00:00)} Bg3+ {(00:28)} 62. Kg1 {
(00:01)} Bf2+ {(00:02)} 63. Kf1 {(00:06)} Qh2 {(00:
04)} 64. Qxd4+ {(00:04)} cxd4 {(00:22)} 65. Bxd4+ {(00:02]
} Rf6 {(00:28)} 66. Bxf6+ {(00:05)} Kg8 {(00:03)} 67. Rg7+
{(00:05)} Kf8 {(00:06)} 0-1

[Event "42nd Olympiad Baku 2016 Women"]
[Site "Baku"]
[Date "2016.09.05"]
[Round "4.2"]
[White "Omurbekova, Diana"]
[Black "Gjergji, Rozana"]
[Result "0-1"]
[ECO "C74"]
[WhiteElo "1868"]
[BlackElo "1947"]
[Annotator ""]
[PlyCount "100"]
[EventDate "2016.??.??"]
[EventCountry "AZE"]
[SourceTitle "playchess.com"]
[Source "ChessBase"]
[WhiteTeam "Kyrgyzstan"]
[BlackTeam "Albania"]
[WhiteTeamCountry "KGZ"]
[BlackTeamCountry "ALB"]
[TimeControl "40/5400+30:1800+30"]

1. e4 {(00:00)} e5 {(00:00)} 2. Nf3 {(00:00)} Nc6 {
(00:00)} 3. Bb5 {(00:18)} a6 {(00:13)} 4. Ba4 {(00:
06)} d6 {(00:53)} 5. c3 {(01:32)} f5 {(00:28)} 6. exf5 {
(03:40)} Bxf5 {(00:18)} 7. d3 {(01:55)} Be7 {(00:
57)} 8. Be3 {(01:43)} Nf6 {(00:51)} 9. h3 {(08:45)} b5 {
(01:41)} 10. Bc2 {(01:14)} O-O {(01:16)} 11. Bb3+ {
(07:02)} d5 {(05:47)} 12. d4 {(06:52)} e4 {(05:15)}
13. Ne5 {(03:18)} Na5 {(02:53)} 14. g4 {(01:14)} Be6 {
(01:05)} 15. g5 {(01:23)} Nd7 {(01:17)} 16. Nxd7 {(
11:18)} Qxd7 {(00:43)} 17. Nd2 {(01:11)} Rf5 {(03:12)} 18.
h4 {(02:04)} Raf8 {(01:59)} 19. Bc2 {(03:35)} Nc4 {
(04:31)} 20. Nxc4 {(01:32)} bxc4 {(00:07)} 21. Qd2 {
(01:10)} Bd6 {(01:43)} 22. b3 {(03:34)} cxb3 {(01:
30)} 23. axb3 {(00:23)} Qf7 {(01:02)} 24. O-O-O {(13:46)}
Bf4 {(09:25)} 25. Rde1 {(01:01)} Bxe3 {(03:57)} 26. fxe3 {
(00:12)} Rf2 {(00:09)} 27. Re2 {(00:14)} Qf3 {(00:
49)} 28. Rh2 {(06:59)} Rf1+ {(02:51)} 29. Re1 {(01:34)}
Qg3 {(01:02)} 30. Rxf1 {(02:31)} Rxf1+ {(00:06)} 31. Kb2 {
(00:49)} Rf3 {(01:45)} 32. Bd1 {(00:43)} Rxe3 {(01:
26)} 33. Rg2 {(08:09)} Rd3 {(05:59)} 34. Rxg3 {(00:41)}
Rxd2+ {(00:06)} 35. Kc1 {(00:52)} Rh2 {(00:25)} 36. h5 {
(00:13)} Bf7 {(00:19)} 37. g6 {(00:29)} hxg6 {(01:
38)} 38. hxg6 {(00:05)} Be8 {(00:06)} 39. Rg5 {(02:25)} c6
{(00:19)} 40. c4 {(00:00)} e3 {(00:00)} 41. Re5 {(
03:41)} Bxg6 {(07:20)} 42. Rxe3 {(00:15)} Rh4 {(00:21)}
43. Re6 {(01:09)} Bf7 {(03:00)} 44. Rxc6 {(00:55)} dxc4 {
(00:28)} 45. bxc4 {(00:25)} Rxd4 {(00:09)} 46. Rxa6 {
(00:45)} Bxc4 {(00:22)} 47. Ra4 {(00:31)} Rxd1+ {(
00:27)} 48. Kc2 {(02:20)} Be2 {(00:20)} 49. Re4 {(02:03)}
Bh5 {(00:23)} 50. Re5 {(01:46)} Rh1 {(00:08)} 0-1

[Event "42nd Olympiad Baku 2016 Women"]
[Site "Baku"]
[Date "2016.09.05"]
[Round "4.30"]
[White "Ovezdurdiyeva, Jemal"]
[Black "Hamoonga, Linda Banti"]
[Result "1-0"]
[ECO "D46"]
[WhiteElo "2031"]
[BlackElo "1783"]
[Annotator ""]
[PlyCount "69"]
[EventDate "2016.??.??"]
[EventCountry "AZE"]
[SourceTitle "playchess.com"]
[Source "ChessBase"]
[WhiteTeam "Turkmenistan"]
[BlackTeam "Zambia"]
[WhiteTeamCountry "TKM"]
[BlackTeamCountry "ZAM"]
[TimeControl "40/5400+30:1800+30"]

1. d4 {(00:00)} d5 {(00:00)} 2. c4 {(00:00)} c6 {(
00:00)} 3. Nc3 {(00:00)} Nf6 {(00:00)} 4. Nf3 {(00:00)} e6
{(00:16)} 5. e3 {(00:50)} Nbd7 {(00:17)} 6. Bd3 {(
00:44)} Be7 {(02:03)} 7. O-O {(00:08)} O-O {(00:05)} 8. b3
{(01:18)} Qc7 {(04:10)} 9. Bb2 {(00:49)} h6 {(03:
45)} 10. Rc1 {(02:45)} Qa5 {(06:34)} 11. Qd2 {(07:47)} Qd8
{(15:34)} 12. Bb1 {(05:37)} Bb4 {(06:32)} 13. Qc2 {
(02:44)} Bxc3 {(01:20)} 14. Qxc3 {(00:10)} Re8 {(
07:12)} 15. Rfd1 {(06:25)} Qc7 {(04:36)} 16. Ne5 {(04:10)}
Nf8 {(06:56)} 17. f3 {(05:10)} Rd8 {(06:11)} 18. Rd2 {
(03:57)} Qd6 {(08:17)} 19. g4 {(06:49)} b5 {(08:26]
} 20. c5 {(01:53)} Qc7 {(00:56)} 21. Rg2 {(01:25)} Bb7 {
(03:20)} 22. g5 {(03:40)} hxg5 {(00:10)} 23. Rxg5 {
(00:31)} Qe7 {(01:45)} 24. Rg2 {(02:17)} N6d7 {(06:
40)} 25. Kh1 {(01:49)} Nxe5 {(01:28)} 26. dxe5 {(00:07)}
g6 {(01:11)} 27. Qd4 {(00:34)} Kg7 {(02:03)} 28. Rcg1 {
(01:21)} Nh7 {(03:00)} 29. Qf4 {(08:38)} Rg8 {(00:
30)} 30. Rg3 {(02:51)} Nf8 {(01:03)} 31. Qf6+ {(02:34)}
Qxf6 {(00:19)} 32. exf6+ {(00:06)} Kh8 {(00:16)} 33. Rh3+
{(00:10)} Nh7 {(00:42)} 34. Rg4 {(00:06)} Rgc8 {(
00:52)} 35. Rgh4 {(00:10)} 1-0

[Event "42nd Olympiad Baku 2016 Women"]
[Site "Baku"]
[Date "2016.09.05"]
[Round "4.5"]
[White "Paehtz, Elisabeth"]
[Black "Lujan, Carolina"]
[Result "1/2-1/2"]
[ECO "D85"]
[WhiteElo "2474"]
[BlackElo "2378"]
[Annotator ""]
[PlyCount "95"]
[EventDate "2016.??.??"]
[EventCountry "AZE"]
[SourceTitle "playchess.com"]
[Source "ChessBase"]
[WhiteTeam "Germany"]
[BlackTeam "Argentina"]
[WhiteTeamCountry "GER"]
[BlackTeamCountry "ARG"]
[TimeControl "40/5400+30:1800+30"]

1. d4 {(00:00)} Nf6 {(00:00)} 2. c4 {(00:00)} g6 {(
00:00)} 3. Nc3 {(00:00)} d5 {(00:04)} 4. cxd5 {(00:00)}
Nxd5 {(00:06)} 5. e4 {(00:00)} Nxc3 {(00:11)} 6. bxc3 {
(00:00)} Bg7 {(00:10)} 7. Qa4+ {(00:00)} Nd7 {(11:
08)} 8. Bg5 {(00:00)} O-O {(01:30)} 9. Nf3 {(00:19)} c5 {
(03:27)} 10. Rd1 {(00:05)} cxd4 {(07:17)} 11. cxd4 {
(00:05)} Nf6 {(01:35)} 12. Bd3 {(09:10)} Bg4 {(05:
16)} 13. O-O {(00:19)} Bxf3 {(02:07)} 14. gxf3 {(00:04)}
Qc8 {(05:26)} 15. Be2 {(29:59)} Qh3 {(06:33)} 16. Qb4 {
(12:05)} Qh5 {(31:45)} 17. Qd2 {(00:21)} h6 {(01:
04)} 18. Be3 {(08:57)} Rfd8 {(02:32)} 19. Rb1 {(03:39)} b6
{(01:00)} 20. Kh1 {(08:51)} Rac8 {(04:28)} 21. Rbc1 {
(04:41)} Qh4 {(02:07)} 22. Rxc8 {(01:07)} Rxc8 {(
00:02)} 23. Rg1 {(01:59)} Kh7 {(07:35)} 24. Qd3 {(03:30)}
Qh3 {(02:04)} 25. f4 {(03:05)} Qe6 {(00:40)} 26. e5 {
(05:58)} Qc6+ {(02:23)} 27. Rg2 {(00:31)} Nd5 {(01:
15)} 28. f5 {(01:33)} Nxe3 {(00:26)} 29. fxg6+ {(00:32)}
fxg6 {(00:01)} 30. fxe3 {(00:06)} Qe6 {(01:42)} 31. Rg3 {
(01:53)} Rc1+ {(00:40)} 32. Kg2 {(01:25)} Qf5 {(00:
50)} 33. Qxf5 {(01:45)} gxf5 {(00:00)} 34. Bd3 {(01:48)}
e6 {(00:13)} 35. Kf3 {(00:10)} Rc3 {(00:45)} 36. Bb5 {
(00:25)} Rc7 {(00:32)} 37. Rg2 {(01:42)} Kg8 {(00:
33)} 38. Ba4 {(01:07)} Kf7 {(00:19)} 39. Bb3 {(00:05)} b5
{(00:30)} 40. Rb2 {(00:00)} a5 {(00:00)} 41. Bd1 {(
03:54)} Rc1 {(04:19)} 42. Ke2 {(02:22)} b4 {(00:55)} 43.
Bb3 {(03:12)} h5 {(03:12)} 44. Rc2 {(02:57)} Rxc2+ {
(01:28)} 45. Bxc2 {(00:05)} h4 {(02:24)} 46. h3 {(
00:09)} Bh6 {(01:08)} 47. Kf3 {(00:49)} Ke7 {(01:33)} 48.
Ba4 {(00:23)} 1/2-1/2

[Event "42nd Olympiad Baku 2016 Women"]
[Site "Baku"]
[Date "2016.09.05"]
[Round "4.18"]
[White "Paikidze, Nazi"]
[Black "Dengler, Dijana"]
[Result "0-1"]
[ECO "D78"]
[WhiteElo "2366"]
[BlackElo "2047"]
[Annotator ""]
[PlyCount "72"]
[EventDate "2016.??.??"]
[EventCountry "AZE"]
[SourceTitle "playchess.com"]
[Source "ChessBase"]
[WhiteTeam "United States"]
[BlackTeam "Bosnia  Herzegovina"]
[WhiteTeamCountry "USA"]
[BlackTeamCountry "BIH"]
[TimeControl "40/5400+30:1800+30"]

1. d4 {(00:00)} d5 {(00:00)} 2. Nf3 {(00:00)} Nf6 {
(00:07)} 3. g3 {(00:00)} c6 {(06:07)} 4. Bg2 {(00:
00)} g6 {(01:40)} 5. O-O {(00:37)} Bg7 {(00:12)} 6. c4 {
(07:29)} O-O {(05:21)} 7. Nc3 {(01:28)} a6 {(03:46]
} 8. b3 {(05:00)} Nbd7 {(10:06)} 9. cxd5 {(00:47)} cxd5 {
(01:31)} 10. Bb2 {(00:54)} b5 {(04:52)} 11. Ne5 {(
03:18)} Bb7 {(00:38)} 12. e3 {(00:14)} e6 {(04:53)} 13.
Nxd7 {(06:18)} Qxd7 {(00:57)} 14. Ne2 {(01:56)} Rfc8 {
(02:55)} 15. Nf4 {(01:08)} Qd8 {(09:56)} 16. Nd3 {(
02:52)} Nd7 {(00:09)} 17. h4 {(10:19)} h5 {(02:38)} 18.
Ne5 {(00:49)} Rc7 {(01:44)} 19. a4 {(09:28)} b4 {(
08:35)} 20. a5 {(02:03)} Rac8 {(05:47)} 21. Nd3 {(00:44)}
Bf8 {(02:13)} 22. Bf3 {(06:00)} Bc6 {(04:38)} 23. Re1 {
(09:30)} Bb5 {(01:58)} 24. e4 {(04:02)} dxe4 {(07:
50)} 25. Bxe4 {(00:59)} Nf6 {(00:40)} 26. Bf3 {(06:28)}
Rc2 {(01:26)} 27. Rb1 {(02:00)} Bxd3 {(01:43)} 28. Qxd3 {
(00:03)} Qxa5 {(00:14)} 29. Bb7 {(02:06)} R8c7 {(
00:15)} 30. d5 {(04:03)} Nxd5 {(05:08)} 31. Bxa6 {(01:42)}
Qa2 {(01:13)} 32. Bd4 {(01:01)} Rd2 {(00:58)} 33. Qe4 {
(03:58)} Qxa6 {(00:13)} 34. Ra1 {(04:42)} Qd3 35. Ra8 {
(00:18)} Qxd4 {(01:59)} 36. Qf3 {(00:19)} Qf6 {(01:
01)} 0-1

[Event "42nd Olympiad Baku 2016 Women"]
[Site "Baku"]
[Date "2016.09.05"]
[Round "4.3"]
[White "Papp, Petra"]
[Black "Goryachkina, Aleksandra"]
[Result "1/2-1/2"]
[ECO "C67"]
[WhiteElo "2336"]
[BlackElo "2475"]
[Annotator ""]
[PlyCount "61"]
[EventDate "2016.??.??"]
[EventCountry "AZE"]
[SourceTitle "playchess.com"]
[Source "ChessBase"]
[WhiteTeam "Hungary"]
[BlackTeam "Russia"]
[WhiteTeamCountry "HUN"]
[BlackTeamCountry "RUS"]
[TimeControl "40/5400+30:1800+30"]

1. e4 {(00:00)} e5 {(00:08)} 2. Nf3 {(00:00)} Nc6 {
(00:15)} 3. Bb5 {(00:59)} Nf6 {(00:30)} 4. O-O {(
01:08)} Nxe4 {(00:35)} 5. Re1 {(04:55)} Nd6 {(00:51)} 6.
Nxe5 {(00:54)} Be7 {(00:31)} 7. Bf1 {(00:37)} Nxe5 {
(01:27)} 8. Rxe5 {(00:08)} O-O {(00:27)} 9. d4 {(
00:39)} Bf6 {(00:54)} 10. Re1 {(00:25)} Re8 {(00:39)} 11.
c3 {(01:35)} Rxe1 {(05:31)} 12. Qxe1 {(00:08)} Qe8 {
(04:18)} 13. Qxe8+ {(01:58)} Nxe8 {(00:07)} 14. Bf4 {
(01:20)} d5 {(01:22)} 15. Bd3 {(00:32)} Be7 {(02:
12)} 16. Nd2 {(01:29)} Bd6 {(01:28)} 17. Bxd6 {(01:39)}
Nxd6 {(00:14)} 18. Re1 {(00:26)} Kf8 {(05:13)} 19. f3 {
(03:11)} Bf5 {(01:06)} 20. Bxf5 {(00:43)} Nxf5 {(
00:02)} 21. Kf2 {(01:43)} Re8 {(00:59)} 22. Rxe8+ {(00:34]
} Kxe8 {(00:02)} 23. Nf1 {(01:03)} c6 {(00:57)} 24. Ne3 {
(01:06)} Nd6 {(01:34)} 25. Ke2 {(01:38)} Ke7 {(00:
09)} 26. Kd3 {(04:50)} Ke6 {(00:18)} 27. b3 {(00:51)} Nf5
{(01:53)} 28. Nxf5 {(02:12)} Kxf5 {(00:02)} 29. Ke3 {
(00:37)} h5 {(00:12)} 30. g3 {(02:16)} f6 {(00:59]
Ke4+ Ke5+} 31. Kd3 {(00:49)} 1/2-1/2

[Event "42nd Olympiad Baku 2016 Women"]
[Site "Baku"]
[Date "2016.09.05"]
[Round "4.20"]
[White "Parkhurst Casas, Miriam"]
[Black "Bernal Hurtado, Constanza"]
[Result "1-0"]
[ECO "C41"]
[WhiteElo "1993"]
[BlackElo "1779"]
[Annotator ""]
[PlyCount "59"]
[EventDate "2016.??.??"]
[EventCountry "AZE"]
[SourceTitle "playchess.com"]
[Source "ChessBase"]
[WhiteTeam "Mexico"]
[BlackTeam "Chile"]
[WhiteTeamCountry "MEX"]
[BlackTeamCountry "CHI"]
[TimeControl "40/5400+30:1800+30"]

1. e4 {(00:00)} d6 {(00:00)} 2. d4 {(00:01)} Nf6 {(
00:00)} 3. Nc3 {(00:26)} e5 {(00:20)} 4. Nf3 {(01:36)}
Nbd7 {(00:45)} 5. Bc4 {(00:52)} Be7 {(01:25)} 6. Ng5 {
(16:04)} O-O {(04:29)} 7. Bxf7+ {(04:14)} Rxf7 {(
08:49)} 8. Ne6 {(00:39)} Qe8 {(01:34)} 9. Nxc7 {(01:11)}
Qd8 {(02:11)} 10. Nxa8 {(00:33)} b6 {(04:40)} 11. O-O {
(14:34)} Bb7 {(09:59)} 12. Nxb6 {(04:40)} Qxb6 {(
05:16)} 13. Be3 {(11:19)} Qxb2 {(38:20)} 14. Rb1 {(03:40)}
Qxc3 {(00:46)} 15. Rxb7 {(00:06)} a6 {(09:08)} 16. Qd3 {
(07:57)} Qxd3 {(05:43)} 17. cxd3 {(00:07)} exd4 {(
00:21)} 18. Bxd4 {(00:27)} a5 {(02:33)} 19. Rc1 {(02:44)}
Nc5 {(01:55)} 20. Bxc5 {(01:28)} dxc5 {(00:01)} 21. Ra7 {
(01:48)} Ng4 {(00:20)} 22. Rb1 {(07:20)} Ne5 {(01:
34)} 23. Rb3 {(00:38)} Nc6 {(00:30)} 24. Rc7 {(01:07)} Nb4
{(00:36)} 25. a3 {(01:41)} Nc2 {(00:39)} 26. Rbb7 {
(00:23)} Nxa3 {(00:34)} 27. Rxe7 {(00:11)} Rxe7 {(
00:09)} 28. Rxe7 {(00:05)} Kf8 {(00:16)} 29. Ra7 {(00:20)}
Nc2 {(00:46)} 30. Rxa5 {(00:13)} 1-0

[Event "42nd Olympiad Baku 2016 Women"]
[Site "Baku"]
[Date "2016.09.05"]
[Round "4.14"]
[White "Pavlidou, Ekaterini"]
[Black "Georgescu, Lena"]
[Result "1-0"]
[ECO "E91"]
[WhiteElo "2140"]
[BlackElo "2164"]
[Annotator ""]
[PlyCount "79"]
[EventDate "2016.??.??"]
[EventCountry "AZE"]
[SourceTitle "playchess.com"]
[Source "ChessBase"]
[WhiteTeam "Greece"]
[BlackTeam "Switzerland"]
[WhiteTeamCountry "GRE"]
[BlackTeamCountry "SUI"]
[TimeControl "40/5400+30:1800+30"]

1. d4 {(00:00)} Nf6 {(00:00)} 2. c4 {(00:10)} g6 {(
00:00)} 3. Nc3 {(00:10)} Bg7 {(00:00)} 4. e4 {(00:22)} d6
{(00:00)} 5. Nf3 {(00:18)} O-O {(00:04)} 6. Be2 {(
00:09)} Nbd7 {(00:12)} 7. O-O {(00:19)} e5 {(00:02)} 8.
Be3 {(01:17)} Qe7 {(00:41)} 9. dxe5 {(03:29)} dxe5 {
(11:07)} 10. Nd5 {(05:47)} Qd8 {(19:36)} 11. Nxf6+ {
(02:59)} Bxf6 {(05:52)} 12. c5 {(02:28)} c6 {(01:
50)} 13. Qc2 {(01:12)} Re8 {(03:41)} 14. Rfd1 {(01:41)}
Qc7 {(02:23)} 15. h3 {(04:34)} Nf8 {(01:18)} 16. Rd6 {
(01:48)} Be7 {(06:23)} 17. Rad1 {(23:11)} Bxd6 {(
04:40)} 18. cxd6 {(00:42)} Qa5 {(00:07)} 19. a3 {(02:31)}
Bd7 {(05:51)} 20. Qc1 {(02:49)} f6 {(04:15)} 21. g4 {
(03:02)} Ne6 {(04:18)} 22. g5 {(02:29)} Qd8 {(02:
38)} 23. Bc4 {(01:51)} Kh8 {(02:04)} 24. Qc3 {(01:50)} Ng7
{(04:32)} 25. gxf6 {(01:52)} Qxf6 {(00:45)} 26. Bg5 {
(01:05)} Qf8 {(01:23)} 27. Nxe5 {(01:59)} Rxe5 {(
02:04)} 28. Qxe5 {(00:10)} Re8 {(03:22)} 29. Be7 {(00:53)}
Qf3 {(00:22)} 30. Rd3 {(00:42)} Qe2 {(00:37)} 31. Rc3 {
(03:41)} Qe1+ {(00:43)} 32. Kg2 {(00:12)} c5 {(02:
04)} 33. Bf7 {(01:19)} Bb5 {(01:50)} 34. Bxe8 {(03:37)}
Qf1+ {(00:36)} 35. Kg3 {(00:24)} Qg1+ {(00:41)} 36. Kh4 {
(01:43)} Qxf2+ {(03:56)} 37. Rg3 {(01:58)} Qe2 {(
07:15)} 38. Bf6 {(02:03)} g5+ {(00:32)} 39. Rxg5 {(00:44)}
Qf2+ {(00:34)} 40. Rg3 {(00:00)} 1-0

[Event "42nd Olympiad Baku 2016 Women"]
[Site "Baku"]
[Date "2016.09.05"]
[Round "4.13"]
[White "Peng, Zhaoqin"]
[Black "Milovic, Aleksandra"]
[Result "1-0"]
[ECO "A40"]
[WhiteElo "2368"]
[BlackElo "2252"]
[Annotator ""]
[PlyCount "37"]
[EventDate "2016.??.??"]
[EventCountry "AZE"]
[SourceTitle "playchess.com"]
[Source "ChessBase"]
[WhiteTeam "Netherlands"]
[BlackTeam "Montenegro"]
[WhiteTeamCountry "NED"]
[BlackTeamCountry "MNE"]
[TimeControl "40/5400+30:1800+30"]

1. d4 {(00:00)} e6 {(00:00)} 2. c4 {(00:00)} b6 {(
00:00)} 3. Nc3 {(01:59)} Bb7 {(00:00)} 4. a3 {(00:54)} g6
{(00:23)} 5. e4 {(01:40)} Bg7 {(00:38)} 6. Nf3 {(
02:03)} Ne7 {(03:10)} 7. Bd3 {(10:23)} d5 {(03:24)} 8.
cxd5 {(00:28)} exd5 {(00:18)} 9. e5 {(00:03)} c5 {(
07:08)} 10. O-O {(07:16)} O-O {(01:06)} 11. Re1 {(03:13)}
Nbc6 {(06:29)} 12. Bg5 {(01:44)} Qd7 {(06:53)} 13. dxc5 {
(04:20)} Qg4 {(19:07)} 14. h3 {(06:02)} Qh5 {(11:
28)} 15. Bf1 {(08:19)} Bc8 {(11:58)} 16. Nxd5 {(03:14)}
Nxd5 {(06:25)} 17. Qxd5 {(01:04)} Nxe5 {(00:05)} 18. Rxe5
{(03:58)} Bxh3 {(00:46)} 19. Bf6 {(01:54)} 1-0

[Event "42nd Olympiad Baku 2016 Women"]
[Site "Baku"]
[Date "2016.09.05"]
[Round "4.4"]
[White "Perez, Cecilia Manuela"]
[Black "Turunen, Tiina"]
[Result "1-0"]
[ECO "A05"]
[WhiteElo "1621"]
[BlackElo "1773"]
[Annotator ""]
[PlyCount "29"]
[EventDate "2016.??.??"]
[EventCountry "AZE"]
[SourceTitle "playchess.com"]
[Source "ChessBase"]
[WhiteTeam "Uruguay"]
[BlackTeam "Finland"]
[WhiteTeamCountry "URU"]
[BlackTeamCountry "FIN"]
[TimeControl "40/5400+30:1800+30"]

1. Nf3 {(00:00)} Nf6 {(00:00)} 2. g3 {(00:31)} g6 {
(00:12)} 3. Bg2 {(00:21)} Bg7 {(00:13)} 4. O-O {(
00:45)} O-O {(00:10)} 5. d3 {(00:51)} d6 {(00:14)} 6. e4 {
(00:51)} e5 {(00:53)} 7. c3 {(01:31)} Nc6 {(01:32)}
8. Ne1 {(04:22)} Ne8 {(07:14)} 9. f4 {(07:13)} f5 {
(01:55)} 10. exf5 {(06:39)} Rxf5 {(03:09)} 11. Nf3 {
(03:59)} Rf8 {(08:13)} 12. fxe5 {(04:07)} Nxe5 {(
02:45)} 13. Nxe5 {(04:10)} Rxf1+ {(01:14)} 14. Qxf1 {(00:
03)} Bxe5 {(00:40)} 15. Bd5+ {(01:03)} 1-0

[Event "42nd Olympiad Baku 2016 Women"]
[Site "Baku"]
[Date "2016.09.05"]
[Round "4.30"]
[White "Perez, Dalila"]
[Black "Taweesupmun, Chanida"]
[Result "1-0"]
[ECO "E16"]
[WhiteElo "1860"]
[BlackElo "1773"]
[Annotator ""]
[PlyCount "95"]
[EventDate "2016.??.??"]
[EventCountry "AZE"]
[SourceTitle "playchess.com"]
[Source "ChessBase"]
[WhiteTeam "Paraguay"]
[BlackTeam "Thailand"]
[WhiteTeamCountry "PAR"]
[BlackTeamCountry "THA"]
[TimeControl "40/5400+30:1800+30"]

1. d4 {(00:00)} Nf6 {(00:00)} 2. c4 {(00:00)} e6 {(
00:00)} 3. Nf3 {(00:00)} Bb4+ {(00:00)} 4. Bd2 {(00:14)}
Qe7 {(00:26)} 5. Qc2 {(06:55)} b6 {(02:04)} 6. a3 {
(07:32)} Bxd2+ {(00:11)} 7. Nbxd2 {(00:01)} d6 {(
12:22)} 8. e3 {(03:57)} Bb7 {(01:06)} 9. Bd3 {(04:08)}
Nbd7 {(01:14)} 10. O-O {(01:23)} O-O {(00:30)} 11. b4 {
(02:48)} a5 {(05:54)} 12. e4 {(08:16)} e5 {(01:06)}
13. Rab1 {(04:18)} axb4 {(00:36)} 14. axb4 {(00:03)} Rfb8
{(07:22)} 15. c5 {(21:34)} bxc5 {(00:21)} 16. bxc5 {
(00:01)} dxc5 {(09:06)} 17. dxe5 {(00:14)} Nxe5 {(
00:24)} 18. Nxe5 {(00:05)} Qxe5 {(00:13)} 19. Nf3 {(03:49]
} Qh5 {(01:26)} 20. Rfe1 {(13:39)} Ng4 {(01:52)} 21. Rb5 {
(01:50)} Ne5 {(14:49)} 22. Nxe5 {(00:18)} Qxe5 {(
00:07)} 23. Rxc5 {(00:04)} Qd4 {(07:31)} 24. h3 {(11:40)}
Rd8 {(09:01)} 25. Re3 {(03:58)} Qa1+ {(07:20)} 26. Kh2 {
(00:18)} Ra2 {(01:14)} 27. Qb3 {(01:15)} Qb2 {(09:
37)} 28. Qxb2 {(02:33)} Rxb2 {(00:06)} 29. Rxc7 {(00:12)}
g6 {(03:47)} 30. Bc4 {(01:28)} Rc8 {(04:08)} 31. Bxf7+ {
(01:33)} Kg7 {(00:18)} 32. Rec3 {(00:33)} Rxc7 {(
00:46)} 33. Rxc7 {(00:01)} Kf8 {(01:02)} 34. f3 {(00:15)}
Ba6 {(00:13)} 35. Bc4 {(01:05)} Bxc4 {(00:42)} 36. Rxc4 {
(00:01)} Kg7 {(00:31)} 37. Rc7+ {(00:20)} Kh6 {(00:
07)} 38. Kg3 {(00:40)} Re2 {(00:36)} 39. Re7 {(00:04)} g5
{(00:40)} 40. Re8 {(00:00)} Kg6 {(00:00)} 41. Rg8+ {
(02:25)} Kf6 {(00:24)} 42. Kh2 {(01:18)} h5 {(00:
42)} 43. h4 {(02:02)} g4 {(03:41)} 44. Kg3 {(00:20)} gxf3
{(02:11)} 45. gxf3 {(03:14)} Re1 {(00:48)} 46. Rg5 {
(01:27)} Rg1+ {(01:56)} 47. Kf4 {(00:39)} Rh1 {(01:
46)} 48. Rxh5 {(00:08)} 1-0